 Dungeon Crawl Stone Soup version 0.27-a0-1036-g8e1b44f6bd (webtiles) character file.

Game seed: 12422973534535246251

33 harryhousin the Thaumaturge (level 3, -5/25 HPs)
             Began as a Gnoll Wanderer on Apr 18, 2021.
             Shot with an arrow by a centaur (14 damage)
             ... on level 2 of the Dungeon.
             The game lasted 00:07:52 (1438 turns).

harryhousin the Thaumaturge (Gnoll Wanderer)        Turns: 1438, Time: 00:07:53

Health: -5/25      AC:  2    Str: 13    XL:     3   Next: 29%
Magic:  12/13      EV: 11    Int: 11    God:
Gold:   0          SH:  0    Dex: 10    Spells: 16/20 levels left

rFire    . . .     SeeInvis .   f - +0 mace (vorpal)
rCold    . . .     Faith    .   (no shield)
rNeg     . . .     Spirit   .   d - +0 robe
rPois    .         Reflect  .   (no helmet)
rElec    .         Harm     .   (no cloak)
rCorr    .         Rampage  .   (no gloves)
Will     .....                  (no boots)
Stlth    +.........             (no amulet)
HPRegen  0.08/turn              (no ring)
MPRegen  0.13/turn              (no ring)

@: no status effects
A: fangs 1, strong nose, distributed training
a: no special abilities


You were on level 2 of the Dungeon.
You visited 1 branch of the dungeon, and saw 2 of its levels.

Inventory:

Hand Weapons
 f - a +0 vorpal mace (weapon)
Armour
 d - a +0 robe (worn)
Scrolls
 c - a scroll of teleportation
 e - a scroll of silence {unknown}
Potions
 b - a potion of lignification {unknown}


   Skills:
 + Level 0.7 Fighting
 + Level 0.7 Short Blades
 + Level 0.7 Long Blades
 + Level 0.7 Axes
 + Level 0.7 Maces & Flails
 + Level 0.7 Polearms
 + Level 0.7 Staves
 + Level 0.7 Slings
 + Level 0.7 Bows
 + Level 0.7 Crossbows
 + Level 0.7 Throwing
 + Level 0.7 Armour
 + Level 0.7 Dodging
 + Level 0.7 Stealth
 + Level 4.5 Shields
 + Level 0.7 Unarmed Combat
 + Level 9.3 Spellcasting
 + Level 2.1 Conjurations
 + Level 0.5 Hexes
 + Level 0.5 Summonings
 + Level 0.5 Necromancy
 + Level 2.1 Translocations
 + Level 0.5 Transmutations
 + Level 0.5 Fire Magic
 + Level 0.5 Ice Magic
 + Level 0.5 Air Magic
 + Level 3.7 Earth Magic
 + Level 0.5 Poison Magic
 + Level 0.9 Invocations
 + Level 0.7 Evocations


You had 16 spell levels left.
You knew the following spells:

 Your Spells              Type           Power      Damage    Failure   Level
a - Magic Dart            Conj           36%        1d4       6%          1
b - Shock                 Conj/Air       32%        1d5       9%          1
c - Blink                 Tloc           N/A        N/A       9%          2

Your spell library contained the following spells:

 Spells                   Type           Power      Damage    Failure   Level
 Call Imp                 Summ           6%         N/A       17%         2
 Slow                     Hex            6%         N/A       17%         2
 Conjure Flame            Conj/Fire      8%         6-21      24%         3
 Mephitic Cloud           Conj/Pois/Air  7%         N/A       26%         3


Dungeon Overview and Level Annotations

Branches:
Dungeon (2/15)

Altars:


Innate Abilities, Weirdness & Mutations

You have very sharp teeth.
Your uncanny sense of smell can sniff out nearby items.
Your experience applies equally to all skills.


Message History

You kill the adder!
You start resting.
Magic restored.
You open the door.
There is an open door here.
Found a glowing mace.
You see here a +0 vorpal mace.
f - a +0 vorpal mace
f - a +0 vorpal mace (weapon)
You drop a +0 club.
Memorise Blink, consuming 2 spell levels and leaving 16? [Y]es or [N]o only, please.
Memorise Blink, consuming 2 spell levels and leaving 16?
You start memorising the spell.
You continue memorising. x2
You finish memorising.
Spell assigned to 'c'.
Okay, then.
Found a hand axe.
You see here a +0 hand axe.
You open the door.
There is an open door here.
You open the door.
Found an escape hatch in the ceiling.
There is an open door here.
A quokka and a centaur come into view.
Found a stone staircase leading down.
Casting: Magic Dart (safe; 6% risk of failure)
Confirm with . or Enter, or press ? or * to list all spells.
Aiming: Magic Dart (safe; 6% risk of failure)
Press: ? - help, Shift-Dir - straight line, f - quokka
Aim: a quokka (asleep, 100% to hit)
The magic dart hits the quokka.
The quokka is heavily wounded.
The centaur shouts!
The centaur wields a +1 shortbow of freezing.
It is covered in frost.
The centaur shoots an arrow.
The arrow hits you!
Ouch! That really hurt!
The arrow freezes you.
The centaur shoots an arrow.
The arrow hits you!
Ouch! That really hurt!
You die...

########### ..........#
############
.......<..#####..........#
>.........'..............#
.........@#####..........#
..........# #..).......#
...r......# ##'###.#####
..........# #...##..#
.###......# #.^.###)##
#......# #...# #..#
........# ..... ##.#
..$..c#### ....... #.##
....... ....... #..#


You could see a centaur and a quokka.

Vanquished Creatures
  2 adders (D:2)
  A dart slug (D:1)
  4 bats (D:1)
  A goblin (D:1)
  A hobgoblin (D:2)
  A quokka (D:1)
  2 frilled lizards (D:1)
  2 kobolds (D:1)
  2 rats
16 creatures vanquished.

Vanquished Creatures (others)
  3 fungi (D:1)
  6 plants (D:1)
9 creatures vanquished.

Grand Total: 25 creatures vanquished

Notes
Turn   | Place    | Note
-------+----------+-------------------------------------------
     0 | D:1      | Reached skill level 9 in Spellcasting
     0 | D:1      | harryhousin the Gnoll Wanderer began the quest for the Orb.
     0 | D:1      | harryhousin set off with the following items: a +0 club, a
                  | scroll of teleportation, a +0 robe; and the following
                  | spells available to memorise: Magic Dart, Shock, Blink,
                  | Call Imp, Slow, Conjure Flame, Mephitic Cloud
     0 | D:1      | Reached XP level 1. HP: 13/13 MP: 10/10
     2 | D:1      | Learned a level 1 spell: Magic Dart
     4 | D:1      | Learned a level 1 spell: Shock
   343 | D:1      | Reached XP level 2. HP: 17/19 MP: 3/12
   374 | D:1      | Found a faded altar of an unknown god.
  1234 | D:2      | Reached XP level 3. HP: 23/25 MP: 5/13
  1413 | D:2      | Learned a level 2 spell: Blink
  1435 | D:2      | Noticed a centaur
  1438 | D:2      | Shot with an arrow by a centaur

Illustrated notes

Levels and vault maps discovered:
D:1:      minmay_arrival_loop, layout_basic,
          shapermc_ecumenical_altar_mp_urbaneastern
D:2:      layout_basic, minmay_door_square

Skill      XL: |  1 |
---------------+----+-----
Spellcasting   | |  9.3
Conjurations   | 2 |  2.1
Translocations | 2 |  2.1
Fighting       | |  0.7
Short Blades   | |  0.7
Long Blades    | |  0.7
Axes           | |  0.7
Maces & Flails | |  0.7
Polearms       | |  0.7
Staves         | |  0.7
Slings         | |  0.7
Bows           | |  0.7
Crossbows      | |  0.7
Throwing       | |  0.7
Armour         | |  0.7
Dodging        | |  0.7
Stealth        | |  0.7
Shields        | |  4.5
Unarmed Combat | |  0.7
Hexes          | |  0.5
Summonings     | |  0.5
Necromancy     | |  0.5
Transmutations | |  0.5
Fire Magic     | |  0.5
Ice Magic      | |  0.5
Air Magic      | |  0.5
Earth Magic    | |  3.7
Poison Magic   | |  0.5
Invocations    | |  0.9
Evocations     | |  0.7

Action                   || total
-------------------------++-------
Melee: Club              ||     7
 Cast: Magic Dart        ||    44
       Shock             ||     6
Armor: Robe              ||    10
Dodge: Dodged            ||    21

Table legend: (Time is in decaauts)
 A = Elapsed time spent in this place.
 B = Non-inter-level travel time spent in this place.
 C = Inter-level travel time spent in this place.
 D = Time resting spent in this place.
 E = Time spent auto-exploring this place.
 F = Levels seen in this place.
 G = Mean time per level.
                   A        B        C        D        E       F      G
               +--------+--------+--------+--------+--------+-----+--------+
         Total |   1439 |   1427 |     12 |    567 |    732 |   2 |  719.5 |
       Dungeon |   1439 |   1427 |     12 |    567 |    732 |   2 |  719.5 |
               +--------+--------+--------+--------+--------+-----+--------+

Top non-repeatable levels by time:
     D:1: 1023 daAuts
     D:2: 416 daAuts
